 Dungeon Crawl Stone Soup version 0.26.0-10-g1f06aea511 (webtiles) character file.

Game seed: 4292400635464222907

74 Dracia the Vexing (level 4, -1/51 HPs)
             Began as a Gnoll Arcane Marksman on Jan 14, 2021.
             Killed by divine providence
             ... invoked by an orc priest
              (10 damage)
             ... on level 3 of the Dungeon.
             The game lasted 00:02:39 (1469 turns).

Dracia the Vexing (Gnoll Arcane Marksman)           Turns: 1469, Time: 00:02:39

Health: -1/51      AC:  2    Str: 13    XL:     4   Next: 30%
Magic:  8/8        EV: 15    Int: 15    God:
Gold:   190        SH:  0    Dex: 16    Spells: 3/9 levels left

rFire    . . .     SeeInvis .   i - +0 hunting sling (flame)
rCold    . . .     Faith    .   (no shield)
rNeg     . . .     Spirit   .   e - +0 robe
rPois    .         Reflect  .   (no helmet)
rElec    .         Harm     .   (no cloak)
rCorr    +         Rampage  .   (no gloves)
Will     .....                  (no boots)
Stlth    ..........             (no amulet)
HPRegen  0.17/turn              R - ring of resist corrosion
MPRegen  0.11/turn              (no ring)

@: berserking, lethally poisoned (-1 -> -4), very quick
A: distributed training, fangs 1, strong nose
a: no special abilities


You were on level 3 of the Dungeon.
You visited 1 branch of the dungeon, and saw 3 of its levels.

You collected 190 gold pieces.


Innate Abilities, Weirdness & Mutations

Your experience applies equally to all skills.
You have very sharp teeth.
Your uncanny sense of smell can sniff out nearby items.


   Skills:
 + Level 2.7 Fighting
 + Level 1.1 Short Blades
 + Level 1.1 Long Blades
 + Level 1.1 Axes
 + Level 1.1 Maces & Flails
 + Level 1.1 Polearms
 + Level 1.1 Staves
 + Level 4.6 Slings
 + Level 1.1 Bows
 + Level 1.1 Crossbows
 + Level 1.1 Throwing
 + Level 1.1 Armour
 + Level 4.6 Dodging
 + Level 1.1 Stealth
 + Level 1.1 Shields
 + Level 1.1 Unarmed Combat
 + Level 3.0 Spellcasting
 + Level 0.8 Conjurations
 + Level 5.4 Hexes
 + Level 0.8 Summonings
 + Level 0.8 Necromancy
 + Level 0.8 Translocations
 + Level 0.8 Transmutations
 + Level 0.8 Fire Magic
 + Level 0.8 Ice Magic
 + Level 0.8 Air Magic
 + Level 0.8 Earth Magic
 + Level 0.8 Poison Magic
 + Level 1.2 Invocations
 + Level 1.1 Evocations


You had 3 spell levels left.
You knew the following spells:

 Your Spells              Type           Power        Failure   Level
f - Inner Flame           Hex/Fire       11%          16%         3
s - Slow                  Hex            18%          3%          2
z - Corona                Hex            20%          2%          1

Your spell library contained the following spells:

 Spells                   Type           Power        Failure   Level
 Portal Projectile        Hex/Tloc       22%          16%         3
 Cause Fear               Hex            9%           22%         4
 Leda's Liquefaction      Hex/Erth       5%           47%         4

Inventory:

Hand Weapons
 a - a +0 hunting sling
 i - a +0 hunting sling of flaming (weapon)
Missiles
 d - 21 sling bullets (quivered ammo)
 p - 12 stones
Armour
 e - a +0 robe (worn)
Jewellery
 b - a -4 ring of protection
 R - a ring of resist corrosion (left hand)
Scrolls
 f - 4 scrolls of amnesia
 g - 2 scrolls of identify {@r1@r1}
Potions
 c - a potion of brilliance {unknown}
 h - a potion of degeneration {unknown}
 k - 2 potions of magic

Dungeon Overview and Level Annotations

Branches:
Dungeon (3/15)

Altars:
Makhleb

######### ##
#.......# ... #.
.....# ∆
..##.###...#######
.."......(SoK...#
#.###)@(#
#.<.†...#
#......## ########


You could see an orc priest, an adder and a kobold.


Message History

The sling bullet closely misses the adder.
The adder barely misses you.
The orc priest invokes the aid of Beogh against you.
Beogh smites you!
* * * LOW HITPOINT WARNING * * *
The adder bites you.
* * * LOW HITPOINT WARNING * * *
You are poisoned.
The adder poisons you!
It was a potion of berserk rage.
A red film seems to cover your vision as you go berserk!
You feel yourself moving faster!
You feel mighty!
You feel sick. The adder misses you.
You are too berserk!
You are too berserk!
Unknown command.
You are too berserk!
Unknown command.
Unknown command.
You are too berserk!
Really attack while wielding your +0 hunting sling of flaming? [Y]es or [N]o only, please.
Really attack while wielding your +0 hunting sling of flaming?
Okay, then.
Really attack while wielding your +0 hunting sling of flaming?
Okay, then.
You feel a strong urge to attack something.
The orc priest invokes the aid of Beogh against you.
Beogh smites you!
You die...

Skill      XL: |  1  2  3  4 |
---------------+-------------+-----
Short Blades   | 1 |  1.1
Long Blades    | 1 |  1.1
Axes           | 1 |  1.1
Maces & Flails | 1 |  1.1
Polearms       | 1 |  1.1
Staves         | 1 |  1.1
Bows           | 1 |  1.1
Crossbows      | 1 |  1.1
Throwing       | 1 |  1.1
Armour         | 1 |  1.1
Stealth        | 1 |  1.1
Shields        | 1 |  1.1
Unarmed Combat | 1 |  1.1
Invocations    | 1 |  1.2
Evocations     | 1 |  1.1
Spellcasting   | 3 |  3.0
Fighting       | |  2.7
Slings         | |  4.6
Dodging        | |  4.6
Conjurations   | |  0.8
Hexes          | |  5.4
Summonings     | |  0.8
Necromancy     | |  0.8
Translocations | |  0.8
Transmutations | |  0.8
Fire Magic     | |  0.8
Ice Magic      | |  0.8
Air Magic      | |  0.8
Earth Magic    | |  0.8
Poison Magic   | |  0.8

Action                   |  1- 3 |  4- 6 || total
-------------------------+-------+-------++-------
 Fire: Hunting sling     |    80 |    23 ||   103
  Use: Scroll            |       |     6 ||     6
       Potion            |       |     1 ||     1
Dodge: Dodged            |    21 |     7 ||    28

Levels and vault maps discovered:
D:1:      roderic_crossed_star, layout_loops_cross,
          chequers_serial_rivers_micro_c
D:2:      layout_loops_ring, old_standard_altar
D:3:      layout_loops_cross, gammafunk_temple_overflow_wave

Notes
Turn   | Place    | Note
-------+----------+-------------------------------------------
     0 | D:1      | Dracia the Gnoll Arcane Marksman began the quest for the
                  | Orb.
     0 | D:1      | Reached XP level 1. HP: 17/17 MP: 4/4
   268 | D:1      | Reached XP level 2. HP: 20/23 MP: 5/5
   890 | D:2      | Reached XP level 3. HP: 28/28 MP: 7/7
  1058 | D:2      | Found a burning altar of Makhleb.
  1095 | D:2      | Learned a level 2 spell: Slow
  1099 | D:2      | Learned a level 3 spell: Inner Flame
  1157 | D:2      | Reached skill level 1 in Short Blades
  1157 | D:2      | Reached skill level 1 in Long Blades
  1157 | D:2      | Reached skill level 1 in Axes
  1157 | D:2      | Reached skill level 1 in Maces & Flails
  1157 | D:2      | Reached skill level 1 in Polearms
  1157 | D:2      | Reached skill level 1 in Staves
  1157 | D:2      | Reached skill level 1 in Bows
  1157 | D:2      | Reached skill level 1 in Crossbows
  1157 | D:2      | Reached skill level 1 in Throwing
  1157 | D:2      | Reached skill level 1 in Armour
  1157 | D:2      | Reached skill level 1 in Stealth
  1157 | D:2      | Reached skill level 1 in Shields
  1157 | D:2      | Reached skill level 1 in Unarmed Combat
  1157 | D:2      | Reached skill level 1 in Invocations
  1157 | D:2      | Reached skill level 1 in Evocations
  1356 | D:2      | Reached XP level 4. HP: 31/34 MP: 8/8
  1448 | D:3      | Reached skill level 3 in Spellcasting
  1469 | D:3      | Killed from afar by an orc priest

Vanquished Creatures
  A hound zombie (D:2)
  2 adders (D:2)
  A dart slug (D:2)
  A leopard gecko (D:1)
  4 orcs (D:3)
  4 giant cockroaches
  2 hobgoblins
  2 kobolds
  2 ball pythons
  4 bats (D:1)
  2 frilled lizards
  5 goblins
  5 rats
35 creatures vanquished.

Table legend: (Time is in decaauts)
 A = Elapsed time spent in this place.
 B = Non-inter-level travel time spent in this place.
 C = Inter-level travel time spent in this place.
 D = Time resting spent in this place.
 E = Time spent auto-exploring this place.
 F = Levels seen in this place.
 G = Mean time per level.
                   A        B        C        D        E       F      G
               +--------+--------+--------+--------+--------+-----+--------+
         Total |   1463 |   1398 |     65 |      0 |   1206 |   3 |  487.7 |
       Dungeon |   1463 |   1398 |     65 |      0 |   1206 |   3 |  487.7 |
               +--------+--------+--------+--------+--------+-----+--------+

Top non-repeatable levels by time:
     D:2: 754 daAuts
     D:1: 675 daAuts
     D:3: 33 daAuts

Table legend:
 A = Non-vault XP
 B = Vault XP
 C = Vault XP percentage of total XP
 D = Non-vault monster count
 E = Vault monster count
 F = Vault count percentage of total count
                 A         B        C        D         E       F
            +---------+---------+-------+---------+---------+-------
      Total |     107 |       0 |   0.0 |      35 |       0 |   0.0
            +---------+---------+-------+---------+---------+-------
        D:1 |      24 |       0 |   0.0 |      16 |       0 |   0.0
        D:2 |      67 |       0 |   0.0 |      13 |       0 |   0.0
        D:3 |      16 |       0 |   0.0 |       6 |       0 |   0.0
            +---------+---------+-------+---------+---------+-------
